 Dungeon Crawl Stone Soup version 0.29-a0-397-g846e4a0bbc (webtiles) character file.

Game seed: 828999250371586997

7 MordorOrchid the Charlatan (level 2, 0/22 HPs)
             Began as a Djinni Wanderer on May 12, 2022.
             Slain by a ball python (3 damage)
             ... on level 1 of the Dungeon.
             The game lasted 00:02:21 (770 turns).

MordorOrchid the Charlatan (Djinni Wanderer)         Turns: 770, Time: 00:02:21

Health: 0/22       AC:  4    Str:  9    XL:     2   Next: 10%
Gold:   16         EV:  8    Int: 18    God:
                   SH:  0    Dex:  9

rFire   + + .      SeeInvis .   k - +0 dagger
rCold   x . .      Faith    .   (no shield)
rNeg    . . .      Spirit   .   g - +0 leather armour
rPois   ∞          Reflect  .   (no helmet)
rElec   .          Harm     .   (no cloak)
rCorr   .          Rampage  .   f - +0 pair of gloves
Will    .....                   (boots unavailable)
Stlth   +.........              (no amulet)
HPRegen 0.07/turn               (no ring)
MPRegen 0.00/turn               (no ring)

@: flying, constricted
A: sickness immunity, fire resistance 2, cold vulnerability 1, float, innate
caster, HP casting, extra vitality 1
a: no special abilities


You were on level 1 of the Dungeon.
You visited 1 branch of the dungeon, and saw 1 of its levels.

You collected 16 gold pieces.

Inventory:

Hand Weapons
 a - a +0 club
 k - a +0 dagger (weapon)
Armour
 c - a +0 robe
 f - a +0 pair of gloves (worn)
 g - a +0 leather armour (worn)
Wands
 d - a wand of polymorph (6)
Scrolls
 b - a scroll of fear
 e - a scroll of identify {unknown}
 i - a scroll of blinking {unknown}
Potions
 h - a potion of heal wounds {unknown}
 j - a potion of cancellation {unknown}
 l - a potion of flight {unknown}


   Skills:
 * Level 0.7 Fighting
 * Level 1.3 Armour
 * Level 0.8 Dodging
 - Level 3.2 Spellcasting
 - Level 4.0 Evocations


You couldn't memorise any spells.
You knew the following spells:

 Your Spells              Type           Power      Damage    Failure   Level
a - Slow                  Hex            56%        N/A       5%          1
b - Cause Fear            Hex            7%         N/A       50%         4
c - Tukima's Dance        Hex            14%        N/A       17%         3
d - Spider Form           Tmut/Pois      14%        N/A       17%         3
e - Sting                 Tmut/Pois      56%        1d5       5%          1

Your spell library contained the following spells:

 Spells                   Type           Power      Damage    Failure   Level


Dungeon Overview and Level Annotations

Branches:
Dungeon (1/15)

Altars:


Innate Abilities, Weirdness & Mutations

You are immune to sickness and miasma.
You are immune to poison.
Your flesh is very heat resistant. (rF++)
You are vulnerable to cold. (rC-)
You float through the air rather than walking.
You learn spells naturally, not from books.
Your magical power is your life essence.
You have superior vitality. (+4 MHP)


Message History

The hobgoblin hits you but does no damage.
A ball python comes into view.
The hobgoblin attacks as you move away! The hobgoblin barely misses you.
The ball python hisses angrily.
Casting: Slow (safe; 5% risk of failure)
Confirm with . or Enter, or press ? or * to list all spells.
Aiming: Slow (safe; 5% risk of failure)
Press: ? - help, Shift-Dir - straight line, f - ball python, p - hobgoblin
Aim: a ball python (chance to affect: 71%)
The ball python seems to slow down.
The hobgoblin misses you.
You hit the hobgoblin.
The hobgoblin is heavily wounded.
The hobgoblin hits you.
You closely miss the hobgoblin.
The hobgoblin is heavily wounded.
The hobgoblin barely misses you. The ball python bites you.
The ball python grabs you. The ball python constricts you.
You barely miss the ball python. The hobgoblin closely misses you.
The ball python closely misses you. The ball python constricts you.
You closely miss the ball python. The hobgoblin completely misses you.
You hit the ball python.
The ball python is moderately wounded.
The hobgoblin hits you but does no damage.
The ball python closely misses you. The ball python constricts you.
You hit the ball python.
The ball python is severely wounded.
The hobgoblin closely misses you. The ball python completely misses you.
The ball python constricts you.
You closely miss the ball python.
The ball python is severely wounded.
The hobgoblin hits you but does no damage.
The ball python bites you.
* * * LOW HITPOINT WARNING * * *
The ball python constricts you.
You closely miss the ball python.
The ball python is severely wounded.
The hobgoblin hits you.
* * * LOW HITPOINT WARNING * * *
The ball python bites you.
You die...

.. # #. #. ##. .. ..
..#.##.####
........$.# #
####.l# ..##g#.# #.#
...#@#.# #.# #
#..#S#.# #.# #.####
##.##.#.###.# #.....
[####..#.........
#####
(.........#...##>#
#.
###............#.#
#.
#..........#..#.###
#.
..########.#.#.....#
#. . #.###.###.# #.


You could see a hobgoblin, a ball python (slow) and a frilled lizard (slow).

Vanquished Creatures
  2 bats (D:1)
  An endoplasm (D:1)
  A goblin (D:1)
  A hobgoblin (D:1)
  A frilled lizard (D:1)
6 creatures vanquished.

Notes
Turn   | Place    | Note
-------+----------+-------------------------------------------
     0 | D:1      | MordorOrchid the Djinni Wanderer began the quest for the
                  | Orb.
     0 | D:1      | Reached XP level 1. HP: 15/15 MP: 0/0
   680 | D:1      | Reached XP level 2. HP: 16/22 MP: 0/0
   770 | D:1      | Slain by a ball python

Illustrated notes

Levels and vault maps discovered:
D:1:      wheals_arrival_linesprint, layout_loops_ring, minmay_close_crescents

Action                   || total
-------------------------++-------
Melee: Club              ||    41
       Dagger            ||    23
       Punch             ||     1
 Cast: Slow              ||    15
Armor: Leather armour    ||    38
       Robe              ||     1
Dodge: Dodged            ||    45

Table legend: (Time is in decaauts)
 A = Elapsed time spent in this place.
 B = Non-inter-level travel time spent in this place.
 C = Inter-level travel time spent in this place.
 D = Time resting spent in this place.
 E = Time spent auto-exploring this place.
 F = Levels seen in this place.
 G = Mean time per level.
                   A        B        C        D        E       F      G
               +--------+--------+--------+--------+--------+-----+--------+
         Total |    781 |    781 |      0 |      0 |    606 |   1 |  781.0 |
       Dungeon |    781 |    781 |      0 |      0 |    606 |   1 |  781.0 |
               +--------+--------+--------+--------+--------+-----+--------+

Top non-repeatable levels by time:
     D:1: 781 daAuts
